 Dungeon Crawl Stone Soup version 0.30.1-4-g462c640d31 (webtiles) character file.

Game seed: 4321772082042759707

721 hawla the Firebug (level 8, -12/57 HPs)
             Began as a Meteoran Fire Elementalist on Aug 19, 2023.
             Was an Initiate of Vehumet.
             Mangled by Duvessa
             ... wielding a +0 short sword
              (19 damage)
             ... on level 5 of the Dungeon.
             The game lasted 00:06:00 (1313 turns).

hawla the Firebug (Meteoran Fire Elementalist)      Turns: 1313, Time: 00:06:01

Health: -12/57     AC:  4    Str: 12    XL:     8   Next: 22%
Magic:  7/16       EV: 13    Int: 20    God:    Vehumet [......]
Gold:   40         SH:  0    Dex: 14    Spells: 9/16 levels left

rFire   . . .        g - staff of conjuration
rCold   + . .        (no shield)
rNeg    . . .        k - +0 robe of the Storm King {Str+3}
rPois   .            (no helmet)
rElec   .            h - +1 cloak
rCorr   .            (no gloves)
SInv    .            (no boots)
Will    +....        c - amulet of regeneration
Stlth   +            l - ring of protection from cold
HPRegen 1.09/turn    (no ring)
MPRegen 0.15/turn

%: no passive effects
@: flying, glowing
A: sense surroundings 1, otherworldly, glowing, explore regen
a: Renounce Religion


You were on level 5 of the Dungeon.
You worshipped Vehumet.
Vehumet was noncommittal.
You visited 1 branch of the dungeon, and saw 5 of its levels.

You collected 205 gold pieces.
You spent 165 gold pieces at shops.

Inventory:

Armour
 h - a +1 cloak (worn)
 k - the +0 robe of the Storm King (worn) {Str+3}
   (You bought it in a shop on level 1 of the Dungeon)

   Str:       It affects your strength (+3).
Magical Staves
 g - a staff of conjuration (weapon)
Jewellery
 c - an amulet of regeneration (around neck)
 l - a ring of protection from cold (left hand)
Wands
 a - a wand of paralysis (3) (quivered)
Scrolls
 i - 3 scrolls of identify
Potions
 b - a potion of magic
 d - a potion of brilliance
 f - a potion of degeneration {unknown}
 j - a potion of resistance {unknown}


   Skills:
 + Level 1.7 Staves
 - Level 3.2 Dodging
 - Level 1.4 Stealth
 - Level 4.9 Spellcasting
 - Level 6.2 Conjurations
 - Level 6.3 Fire Magic
 + Level 1.9 Evocations


You had 9 spell levels left.
You knew the following spells:

 Your Spells              Type           Power      Damage    Failure   Level
a - Foxfire               Conj/Fire      100%       2x1d9     1%          1
b - Scorch                Fire           60%        2d8       1%          2
c - Flame Wave            Conj/Fire      45%        2d12      9%          4

Your spell library contained the following spells:

 Spells                   Type           Power      Damage    Failure   Level
 Inner Flame              Hex/Fire       17%        N/A       10%         3
 Volatile Blastmotes      Fire/Tloc      34%        2d12      10%         3
 Sting                    Tmut/Pois      16%        1d3       12%         1
 Poisonous Vapours        Pois/Air       8%         N/A       19%         2
 Olgreb's Toxic Radiance  Pois           4%         N/A       75%         4


Dungeon Overview and Level Annotations

Branches:
Dungeon (5/15) Zot: 1684
 Temple: D:4-7

Altars:
Qazlal
Ru
Vehumet
Wu Jian

Shops:
D:1 [

Annotations:
D:5 Duvessa


Innate Abilities, Weirdness & Mutations

You passively map a small area around you.
You are easily found by Zot.
You glow in the dark.
You regain HP and MP as you explore.


Message History

You see here a +0 whip.
Casting: Flame Wave (dangerous; 9% risk of failure)
Confirm with . or Enter, or press ? or * to list all spells.
Casting: Flame Wave (dangerous; 9% risk of failure)
Press: ? - help, Dir - look around, f - activate You feel a surge of power!
A wave of flame ripples out!
The flame wave engulfs Dowan!!
Dowan is severely wounded.
The flame wave engulfs Duvessa!
Duvessa is moderately wounded. (Press . to intensify the flame waves.) Duvessa hits you with a +0 short sword!
Duvessa hits you with a +0 short sword. Dowan barely misses you.
A wave of flame ripples out!
The flame wave engulfs Dowan!
You kill Dowan!
Vehumet accepts your kill.
Duvessa weeps, and shakes her weapon.
Duvessa goes berserk!
The flame wave engulfs Duvessa!
Duvessa is heavily wounded.
The flame wave engulfs the dart slug!
You kill the dart slug!
Vehumet accepts your kill. Duvessa hits you with a +0 short sword!
A wave of flame ripples out!
The flame wave engulfs Duvessa!
Duvessa is severely wounded.
You finish channelling waves of flame.
Duvessa hits you with a +0 short sword. Duvessa hits you with a +0 short sword!
Unknown command.
Casting: Flame Wave (dangerous; 9% risk of failure)
Confirm with . or Enter, or press ? or * to list all spells.
Flames lash Duvessa.
Duvessa is severely wounded.
Duvessa's fire resistance burns away.
Duvessa hits you with a +0 short sword!
* * * LOW HITPOINT WARNING * * *
Unknown command.
It was a potion of flight.
You feel very buoyant.
You fly up into the air.
Duvessa hits you with a +0 short sword!!
You die...

.. #.#
#....†#
..#####.##
#.....#
.......†.#
#.....#
......†..#
#.....# *
.........#
#####.#
.........#
* + #.#
.........#
* + + #.# ,
.......).#
#.#
,.......@.#
###
......?e†#
*
#####....#
* #....# ,
,* #....#*
* * ,
#..... *
##.... , *
#...## * *
* , , ,


You could see Duvessa (berserk, fast, combustible).

Vanquished Creatures
  Menkaure (D:5)
  A water moccasin (D:5)
  An orc warrior (D:4)
  A black bear (D:5)
  Dowan (D:5)
  2 jellies
  2 hounds
  An orc priest (D:4)
  An orc wizard (D:4)
  4 adders
  A white imp (D:5)
  2 ufetubi
  2 dart slugs
  10 orcs
  4 endoplasms (D:4)
  2 goblins (D:4)
  2 hobgoblins
  2 kobolds (D:4)
  2 quokkas
  2 bats (D:3)
44 creatures vanquished.

Vanquished Creatures (others)
  61 foxfires
61 creatures vanquished.

Grand Total: 105 creatures vanquished

Notes
Turn   | Place    | Note
-------+----------+-------------------------------------------
     0 | D:1      | hawla the Meteoran Fire Elementalist began the quest for
                  | the Orb.
     0 | D:1      | Reached XP level 1. HP: 14/14 MP: 5/5
    26 | D:1      | Found Qyismuax's Antique Armour Shop.
    84 | D:3      | Found a sacrificial altar of Ru.
    93 | D:3      | Reached XP level 2. HP: 20/20 MP: 2/6
   257 | D:4      | Learned a level 2 spell: Scorch
   271 | D:4      | Reached XP level 3. HP: 23/26 MP: 3/8
   402 | D:4      | Reached XP level 4. HP: 33/33 MP: 6/10
   418 | D:4      | Noticed an orc warrior
   422 | D:4      | Killed an orc warrior
   423 | D:4      | Reached skill level 5 in Fire Magic
   423 | D:4      | Reached XP level 5. HP: 27/38 MP: 2/12
   493 | D:4      | Reached XP level 6. HP: 45/45 MP: 10/13
   992 | D:1      | Bought a heavily jewelled robe for 165 gold pieces
   992 | D:1      | Identified the +0 robe of the Storm King {Str+3} (You
                  | bought it in a shop on level 1 of the Dungeon)
  1069 | D:5      | Entered Level 5 of the Dungeon
  1084 | D:5      | Learned a level 4 spell: Flame Wave
  1089 | D:5      | Noticed Menkaure
  1089 | D:5      | Noticed a black bear
  1095 | D:5      | Killed a black bear
  1096 | D:5      | Reached XP level 7. HP: 50/50 MP: 8/15
  1100 | D:5      | Killed Menkaure
  1101 | D:5      | Reached skill level 5 in Conjurations
  1185 | D:5      | Found an ornate altar of the Wu Jian Council.
  1187 | D:5      | Found a stormy altar of Qazlal.
  1189 | D:5      | Found a radiant altar of Vehumet.
  1196 | D:5      | Became a worshipper of Vehumet
  1225 | D:5      | Noticed a water moccasin
  1230 | D:5      | Killed a water moccasin
  1233 | D:5      | Reached XP level 8. HP: 42/57 MP: 5/16
  1302 | D:5      | Reached skill level 1 in Staves
  1302 | D:5      | Reached skill level 1 in Evocations
  1304 | D:5      | Noticed Dowan
  1305 | D:5      | Noticed Duvessa
  1310 | D:5      | Killed Dowan
  1313 | D:5      | Mangled by Duvessa

Illustrated notes

Levels and vault maps discovered:
D:1:      lightli_arrival_lavapool, layout_basic, serial_shops, shop, shop,
          nicolae_shop_peninsula, nicolae_shop_waterfront, nicolae_square_shop,
          serial_corexii_hall, chequers_hall_statues_wall_a,
          corexii_hall_statues_i, dreamdust_ecumenical_altar_sealed_demon
D:2:      layout_loops_corners, nicolae_figureground_pulse
D:3:      layout_loops_ring, regret_index_temple_of_mockery,
          amcnicky_altar_gilded
D:4:      layout_basic, guppyfry_early_orc_mine
D:5:      layout_basic, chequers_temple_overflow_statue_of_worship,
          kennysheep_mini_moat, lightli_temple_of_fire,
          nicolae_ossuary_entry_catacombs, uniq_blork_the_orc, uniq_menkaure,
          uniq_duvessa

Skill      XL: |  1  2  3  4  5  6  7  8 |
---------------+-------------------------+-----
Fire Magic     | 4 5 6 |  6.3
Spellcasting   | 3 4 |  4.9
Dodging        | 3 |  3.2
Conjurations   | 2 3 6 |  6.2
Staves         | 1 |  1.7
Evocations     | 1 |  1.9
Stealth        | |  1.4

Action                     |  1- 3 |  4- 6 |  7- 9 || total
---------------------------+-------+-------+-------++-------
  Melee: Unarmed           |     9 |     9 |     1 ||    19
         Staff             |       |       |     1 ||     1
   Cast: Foxfire           |    18 |    15 |     3 ||    36
         Scorch            |     3 |    20 |     5 ||    28
         Flame Wave        |       |       |     4 ||     4
    Use: Scroll            |     2 |     2 |     1 ||     5
         Potion            |       |       |     1 ||     1
 Armour: Robe              |     2 |       |     1 ||     3
  Dodge: Dodged            |    13 |     7 |     8 ||    28
